 Dungeon Crawl Stone Soup version 0.26-a0-30-g56b8cd3df0 (webtiles) character file.

Game seed: 16756292877185642816, levelgen mode: deterministic

126 kae the Insei (level 4, -2/35 HPs)
             Began as a Draconian Transmuter on May 31, 2020.
             Slain by a kobold
             ... wielding a +0 short sword
              (3 damage)
             ... on level 3 of the Dungeon on June 3, 2020.
             The game lasted 00:05:39 (3546 turns).

kae the Insei (Draconian Transmuter)                Turns: 3546, Time: 00:05:39

Health: -2/35      AC:  5    Str: 12    XL:     4   Next: 84%
Magic:  7/7        EV: 12    Int: 13    God:
Gold:   144        SH:  0    Dex: 13    Spells: 1/7 levels left

rFire    . . .     SeeInvis .   g - +0 spear
rCold    . . .     Gourm    .   (no shield)
rNeg     . . .     Faith    .   (armour unavailable)
rPois    .         Spirit   .   (helmet restricted)
rElec    .         Reflect  .   (no cloak)
rCorr    .         Harm     .   (no gloves)
MR       .....                  (no boots)
Stlth    +.........             (no amulet)
HPRegen  0.11/turn              (no ring)
MPRegen  0.10/turn              (no ring)

@: stab
A: unfitting armour, cold-blooded, AC +5
a: no special abilities


You were on level 3 of the Dungeon.
You were not hungry.

You visited 1 branch of the dungeon, and saw 3 of its levels.

You collected 144 gold pieces.

Inventory:

Hand Weapons
 g - a +0 spear (weapon)
Missiles
 a - 50 arrows
Jewellery
 h - a cursed +4 ring of evasion {unknown}
 i - an uncursed ring of flight {unknown}
Scrolls
 d - a scroll of remove curse {unknown}
 e - 3 scrolls of enchant weapon {unknown}
 f - 3 scrolls of identify {unknown}
 l - a scroll of magic mapping {unknown}
Potions
 b - a potion of stabbing
 j - a potion of degeneration {unknown}
 k - a potion of haste {unknown}
 m - a potion of lignification {unknown}
Comestibles
 c - 5 rations


   Skills:
 - Level 1.1 Fighting
 - Level 1.7 Dodging
 * Level 4.9 Unarmed Combat
 - Level 2.0 Spellcasting
 + Level 3.2 Transmutations


You had one spell level left.
You knew the following spells:

 Your Spells              Type           Power        Failure   Level  Hunger
a - Beastly Appendage     Tmut           #.....       7%          1    ##.....
b - Sticks to Snakes      Tmut           #.......     10%         2    ###....
c - Spider Form           Tmut/Pois      #.........   36%         3    ####...

Your spell library contained the following spells:

 Spells                   Type           Power        Failure   Level  Hunger
 Ice Form                 Ice/Tmut       #.......     78%         4    #####..
 Blade Hands              Tmut           #.........   88%         5    ######.


Dungeon Overview and Level Annotations

Branches:
Dungeon (3/15)

Altars:
Dithmenos
Hepliaklqana

Annotations:
D:3 Ijyb


Innate Abilities, Weirdness & Mutations

Your plain brown scales are hard. (AC +5)
You cannot fit into any form of body armour.
You are cold-blooded and may be slowed by cold attacks.


Message History

A kobold comes into view. It is wielding a +0 short sword.
The kobold shouts!
You see here a scroll labeled DESEARHA KAKYSS.
A kobold is nearby!
A kobold is nearby!
The kobold throws a stone.
The stone misses you.
Ijyb the Twisted Goblin comes into view.
She is carrying a wand of acid (4).
Ijyb shouts!
You closely miss the kobold. The kobold closely misses you.
Ijyb zaps a wand.
The bolt of acid misses the kobold.
The bolt of acid hits you!
You are splashed with acid!!
Ouch! That really hurt!
* * * LOW HITPOINT WARNING * * *
You are too injured to fight recklessly!
You are too injured to fight recklessly!
You are too injured to fight recklessly!
It was a potion of stabbing.
You feel ready to backstab.
The kobold hits you with a +0 short sword.
You die...

#.#.. .# #. . #.
### #. .#.. ##
...#.#...# .#####
#.#..#..# .#...#
....#..# .#.#.#
#g.#..# ##.#.#
#..#@.# ...#.#
#.gK..# ####.#
##.#(.# #.#
...#.## #.#
#####.#
####.###### #....#
..........# #.####
..........# #.####
..........###....#


You could see Ijyb and a kobold.

Vanquished Creatures
  Terence (D:3)
  3 adders
  3 worms
  4 dart slugs
  2 leopard geckos
  4 orcs
  2 ball pythons (D:3)
  A giant cockroach (D:2)
  7 goblins
  9 hobgoblins
  5 kobolds
  9 bats
  A frilled lizard (D:1)
  6 rats
57 creatures vanquished.

Notes
Turn   | Place    | Note
-------+----------+-------------------------------------------
     0 | D:1      | kae the Draconian Transmuter began the quest for the Orb.
     0 | D:1      | Reached XP level 1. HP: 16/16 MP: 3/3
   231 | D:1      | Reached XP level 2. HP: 22/23 MP: 3/5
  1011 | D:1      | Reached XP level 3. HP: 22/28 MP: 4/6
  1171 | D:2      | Reached skill level 4 in Unarmed Combat
  1569 | D:2      | Found a hazy altar of Hepliaklqana.
  1877 | D:2      | Reached XP level 4. HP: 35/35 MP: 7/7
  2038 | D:2      | Noticed a shadow
  2039 | D:2      | Found a shadowy altar of Dithmenos.
  3068 | D:3      | Learned a level 2 spell: Sticks to Snakes
  3072 | D:3      | Learned a level 3 spell: Spider Form
  3175 | D:3      | Noticed Terence
  3191 | D:3      | Killed Terence
  3541 | D:3      | Noticed Ijyb
  3543 | D:3      | HP: 1/35 [acid (19)]
  3546 | D:3      | Slain by a kobold

Illustrated notes

Levels and vault maps discovered:
D:1:      mrwooster_arrival_arrow, layout_rooms, interstate_on_off
D:2:      layout_basic, riverfiend_overflow_shadow_ancestor, first_ration
D:3:      layout_basic, uniq_sigmund, uniq_ijyb, uniq_terence

Skill      XL: |  1  2  3  4 |
---------------+-------------+-----
Unarmed Combat | 4 |  4.9
Transmutations | 3 |  3.2
Fighting       | |  1.1
Dodging        | |  1.7
Spellcasting   | |  2.0

Action                   |  1- 3 |  4- 6 || total
-------------------------+-------+-------++-------
Melee: Unarmed           |    87 |     4 ||    91
       Headbutt          |     6 |     3 ||     9
       Tailslap          |     5 |     5 ||    10
       Kick              |    10 |     3 ||    13
       Spear             |    69 |    63 ||   132
       Punch             |       |     1 ||     1
 Cast: Beastly Appendage |    14 |    10 ||    24
       Spider Form       |       |     1 ||     1
  Use: Scroll            |       |     1 ||     1
       Potion            |       |     1 ||     1
 Stab: Sleeping          |       |     3 ||     3
  Eat: Chunk             |     3 |     6 ||     9
Armor: Skin              |    74 |    15 ||    89
Dodge: Dodged            |   118 |    43 ||   161

Table legend:
 A = Non-vault XP
 B = Vault XP
 C = Vault XP percentage of total XP
 D = Non-vault monster count
 E = Vault monster count
 F = Vault count percentage of total count
                 A         B        C        D         E       F
            +---------+---------+-------+---------+---------+-------
      Total |     149 |      32 |  17.7 |      56 |       1 |   1.8
            +---------+---------+-------+---------+---------+-------
        D:1 |      41 |       0 |   0.0 |      23 |       0 |   0.0
        D:2 |      62 |       0 |   0.0 |      19 |       0 |   0.0
        D:3 |      46 |      32 |  41.0 |      14 |       1 |   6.7
            +---------+---------+-------+---------+---------+-------
